 Dungeon Crawl Stone Soup version 0.30-a0-879-ga8ba668304 (webtiles) character file.

Game seed: 13720982659790951527

5305 Newt the Skirmisher (level 10, -4/88 HPs)
             Began as a Kobold Hunter on Mar 13, 2023.
             Was an Initiate of Gozag.
             Slain by Dittersdorf's ghost (16 damage)
             ... on level 9 of the Dungeon.
             The game lasted 00:11:27 (9375 turns).

Newt the Skirmisher (Kobold Hunter)                 Turns: 9375, Time: 00:11:28

Health: -4/88      AC: 28    Str:  8    XL:     10   Next: 95%
Magic:  10/10      EV:  3    Int: 16    God:    Gozag
Gold:   33         SH:  0    Dex: 24    Spells: 9/9 levels left

rFire   + + .      SeeInvis .    G - +9 lance "Wyrmbane" {slay drac, rPois rF+ rC+ AC+3}
rCold   + + .      Faith    .    (no shield)
rNeg    . . .      Spirit   .    g - melded +1 leather armour "Qarasu" {Fly rPois rN+ Str+4}
rPois   +          Reflect  .    e - melded +0 helmet
rElec   +          Rampage  .    p - melded +1 cloak {Stlth+}
rCorr   +          NoTele   +    m - melded +0 pair of gloves "Oluug" {Regen+ Str+3}
Will    .....                    f - melded +0 pair of boots
Stlth   +++                      (no amulet)
HPRegen 0.34/turn                h - +6 ring of intelligence
MPRegen 0.12/turn                w - ring of poison resistance

@: mighty, tree-form, resistant, hasted, studying Dodging, very quick
A: stationary, stasis, torment immunity, boosted hp, small, no large weapons,
nightstalker 3
a: End Transformation, Renounce Religion, Potion Petition, Call Merchant, Bribe
Branch


You were on level 9 of the Dungeon.
You worshipped Gozag.
Gozag was noncommittal.
You were a tree.
You visited 2 branches of the dungeon, and saw 10 of its levels.
You also visited: Sewer and Ossuary.

You collected 1566 gold pieces.
You spent 983 gold pieces at shops.
You paid 550 gold pieces to Gozag.

Inventory:

Hand Weapons
 a - a +4 shortbow
 G - the +9 lance "Wyrmbane" (weapon) {slay drac, rPois rF+ rC+ AC+3}
   (You took it off Maggie on level 7 of the Dungeon)

   AC:        It affects your AC (+3).
   rF:        It protects you from fire.
   rC:        It protects you from cold.
   rPois:     It protects you from poison.
Armour
 c - a +0 leather armour
 e - a +0 helmet (melded)
 f - a +0 pair of boots (melded)
 g - the +1 leather armour "Qarasu" (melded) {Fly rPois rN+ Str+4}
   (You found it on level 2 of the Dungeon)

   Str:       It affects your strength (+4).
   rPois:     It protects you from poison.
   rN:        It protects you from negative energy.
   Fly:       It grants you flight.
 m - the +0 pair of gloves "Oluug" (melded) {Regen+ Str+3}
   (You bought it in a shop on level 2 of the Dungeon)

   Str:       It affects your strength (+3).
   Regen:     It increases your rate of health regeneration.
 n - an orb of mayhem
 p - a +1 cloak of stealth (melded)
 H - +0 swamp dragon scales
Jewellery
 h - a +6 ring of intelligence (left branch)
 w - a ring of poison resistance (right branch)
Wands
 i - a wand of paralysis (3)
 x - a wand of flame (64)
 B - a wand of mindburst (10)
 E - a wand of roots (8)
 J - a wand of polymorph (3)
Scrolls
 b - 2 scrolls of immolation
 q - 5 scrolls of poison
 r - 2 scrolls of blinking
 u - a scroll of fog
 v - a scroll of enchant weapon
 y - a scroll of amnesia
 C - 4 scrolls of identify
 F - a scroll of teleportation
 I - a scroll of silence {unknown}
Potions
 d - 3 potions of curing
 o - 2 potions of brilliance
 t - 2 potions of degeneration
 z - a potion of resistance {unknown}
 A - a potion of flight
 D - 2 potions of mutation {unknown}


   Skills:
 - Level 5.0 Fighting
 + Level 6.5 Polearms
 - Level 14.0 Ranged Weapons
 - Level 4.0 Armour
 - Level 6.0 Dodging
 - Level 1.3 Stealth
 - Level 4.0 Evocations


You had 9 spell levels left.
You didn't know any spells.
Your spell library contained the following spells:

 Spells                   Type           Power      Damage    Failure   Level
 Apportation              Tloc           0%         N/A       26%         1
 Freeze                   Ice            0%         1d3       26%         1
 Kiss of Death            Conj/Necr      0%         2d5       26%         1
 Necrotise                Necr           0%         1d4       26%         1
 Summon Small Mammal      Summ           0%         N/A       26%         1
 Call Canine Familiar     Summ           0%         N/A       58%         3
 Confusing Touch          Hex            0%         N/A       58%         3
 Frozen Ramparts          Ice            0%         1d1       58%         3
 Hailstorm                Conj/Ice       0%         3d3       58%         3
 Summon Guardian Golem    Hex/Summ       0%         N/A       58%         3
 Dispel Undead            Necr           0%         3d6       94%         4
 Borgnjor's Vile Clutch   Necr/Erth      0%         N/A       100%        5
 Death Channel            Necr           0%         N/A       100%        6
 Animate Dead             Necr           Unusable   N/A       N/A         4

Dungeon Overview and Level Annotations

Branches:
Dungeon (9/15)             Temple (1/1) D:5            Lair (0/5) D:8
  Sewer (visited)         Ossuary (visited)
    Orc: D:9-12

Altars:
Ashenzari
Cheibriados
Dithmenos
Elyvilon
Fedhas
Gozag
Hepliaklqana
Kikubaaqudgha
Makhleb
Nemelex Xobeh
Qazlal
Ru
Sif Muna
Trog
Uskayaw
Vehumet
Wu Jian
Xom
Yredelemnul
Zin
The Shining One

Shops:
D:2 [   D:5 ?

Annotations:
D:9 Dittersdorf's ghost, novice GrFi


Innate Abilities, Weirdness & Mutations

You are a tree.
Your roots penetrate the ground, keeping you stationary.
You cannot be teleported.
You are immune to unholy pain and torment.
Your maximum health is greatly increased.
Your equipment is partially melded.
You are small and have problems with some larger weapons.
You are completely attuned to the shadows.


Message History

You hit Dittersdorf's ghost but do no damage.
Dittersdorf's ghost is heavily damaged.
Unknown command.
You barely miss Dittersdorf's ghost.
Dittersdorf's ghost is heavily damaged.
Dittersdorf's ghost completely misses you.
Unknown command.
You hit Dittersdorf's ghost but do no damage.
Dittersdorf's ghost is heavily damaged.
You feel a little less mighty now.
Unknown command.
You completely miss Dittersdorf's ghost.
Dittersdorf's ghost is heavily damaged.
Dittersdorf's ghost hits you!
* * * LOW HITPOINT WARNING * * *
Unknown command. [a] - 408 gold - lignification, might and resistance [b] - 625 gold - invisibility, might, heal wounds and magic [c] - 210 gold - resistance Purchase which effect? [a] - 408 gold - lignification, might and resistance [b] - 625 gold - invisibility, might, heal wounds and magic [c] - 210 gold - resistance Purchase which effect?
You no longer have enough gold to petition Gozag for potion effects.
You turn into a tree.
Your +1 cloak of stealth melds into your body.
Your +0 helmet melds into your body.
The +0 pair of gloves "Oluug" {Regen+ Str+3} melds into your body.
Your +0 pair of boots melds into your body.
The +1 leather armour "Qarasu" {Fly rPois rN+ Str+4} melds into your body.
You feel less stealthy.
You float gracefully downwards.
Your roots penetrate the ground.
You feel very mighty all of a sudden.
You feel protected.
Unknown command.
Unknown command.
Unknown command.
You feel better. Dittersdorf's ghost hits you!
You die...
Your body crumbles into a pile of gold.

####'## #.........#######'####
#.....######.....................
#.....'...##.........#...........
#.....###..'.........#...........
#.....# ####.........#######.....
###'### #..........##∩8.##....
#..# ###+#####..#.$.. ##### #.##
#...###..'o$$$ #.# ###♣##..oW$_8.
##.# #W##...'$.$$ #..#
######$#....#$... ##### #'#####
#........g..##∩8.##.... ......#
#.......)..#######.....
......#####..........##.##.......
......'...'..........##.##.......
......#####..........#..##.......
......# #..........'.###.......


You could see Dittersdorf's ghost.

Vanquished Creatures
  A two-headed ogre (D:9)
  Maggie (D:7)
  A komodo dragon (D:8)
  Grinder (D:5)
  Sigmund (D:4)
  A wyvern (D:9)
  Menkaure (D:4)
  A steam dragon (D:7)
  Edmund (D:5)
  3 water moccasins
  2 orc warriors
  An ice beast (D:6)
  2 black bears (D:5)
  An ogre (D:6)
  4 centaurs
  A kobold brigand (D:9)
  2 bullfrogs
  A scorpion (D:6)
  2 gnoll sergeants
  4 wights (D:9)
  8 killer bees
  3 howler monkeys
  6 crimson imps (D:7)
  3 orc priests
  2 hounds
  A sleepcap (D:5)
  Crazy Yiuf (D:4)
  Ijyb (D:4)
  6 iguanas
  7 orc wizards
  A mummy (Ossuary)
  13 adders
  8 gnolls
  3 white imps
  2 ufetubi
  A worm (D:2)
  3 dart slugs
  28 orcs
  2 spectral bats (Ossuary)
  14 ball pythons
  14 endoplasms
  3 giant cockroaches
  12 gnoll zombies (Ossuary)
  9 goblins
  6 hobgoblins
  6 jackals
  13 kobolds
  3 quokkas
  6 bats
  A bat simulacrum (Ossuary)
  5 frilled lizards
  4 goblin simulacra (Ossuary)
  3 goblin zombies (Ossuary)
  8 hobgoblin zombies (Ossuary)
  4 kobold simulacra (Ossuary)
  4 kobold zombies (Ossuary)
  3 orc zombies (Ossuary)
  11 rats
  2 rat simulacra (Ossuary)
  A spectral goblin (Ossuary)
  3 spectral kobolds (Ossuary)
  5 spectral rats (Ossuary)
271 creatures vanquished.

Vanquished Creatures (others)
  A crimson imp (D:7)
  2 plants (D:8)
3 creatures vanquished.

Grand Total: 274 creatures vanquished

Notes
Turn   | Place    | Note
-------+----------+-------------------------------------------
     0 | D:1      | Newt the Kobold Hunter began the quest for the Orb.
     0 | D:1      | Reached XP level 1. HP: 12/12 MP: 1/1
    64 | D:1      | Reached XP level 2. HP: 17/18 MP: 2/2
   355 | D:1      | Reached XP level 3. HP: 23/23 MP: 3/3
   629 | D:2      | Reached XP level 4. HP: 27/30 MP: 4/4
   769 | D:2      | Reached skill level 5 in Fighting
   951 | D:2      | Found Dohacyrch's Antique Armour Shoppe.
  1020 | D:2      | Identified the +1 leather armour "Qarasu" {Fly rPois rN+
                  | Str+4}
  1455 | D:3      | Reached XP level 5. HP: 32/35 MP: 5/5
  1461 | D:3      | Reached skill level 6 in Ranged Weapons
  1877 | D:3      | Found a faded altar of an unknown god.
  2068 | D:3      | Reached skill level 7 in Ranged Weapons
  2297 | D:2      | Bought a pair of steaming gloves for 199 gold pieces
  2297 | D:2      | Identified the +0 pair of gloves "Oluug" {Regen+ Str+3}
                  | (You bought it in a shop on level 2 of the Dungeon)
  2384 | D:4      | Found a hide-covered altar of Uskayaw.
  2404 | D:4      | Noticed Menkaure
  2416 | D:4      | Killed Menkaure
  2417 | D:4      | Reached skill level 8 in Ranged Weapons
  2417 | D:4      | Reached XP level 6. HP: 18/40 MP: 6/6
  2622 | D:4      | Noticed Ijyb
  2626 | D:4      | Paralysed by Ijyb for 4 turns
  2632 | D:4      | Paralysed by Ijyb for 4 turns
  2637 | D:4      | Killed Ijyb
  2707 | D:4      | Found a sand-covered staircase.
  2712 | Ossuary  | Entered an ossuary
  2717 | Ossuary  | Reached XP level 7. HP: 44/44 MP: 7/7
  2925 | Ossuary  | Reached skill level 9 in Ranged Weapons
  3408 | D:4      | Found a runed translucent door.
  3411 | D:4      | Noticed Crazy Yiuf
  3415 | D:4      | Killed Crazy Yiuf
  3638 | D:4      | Noticed Sigmund
  3647 | D:4      | Killed Sigmund
  3648 | D:4      | Reached skill level 10 in Ranged Weapons
  3879 | D:5      | Entered Level 5 of the Dungeon
  3886 | D:5      | Noticed Edmund
  3952 | D:5      | Found a staircase to the Ecumenical Temple.
  3958 | Temple   | Entered the Ecumenical Temple
  4194 | D:5      | Found a glowing drain.
  4210 | D:5      | Reached XP level 8. HP: 49/49 MP: 8/8
  4215 | Sewer    | Entered a sewer
  4615 | D:5      | Killed Edmund
  4616 | D:5      | Reached skill level 5 in Dodging
  4689 | D:5      | Reached skill level 1 in Evocations
  4862 | D:5      | Found an opulent altar of Gozag.
  4949 | D:5      | Noticed Grinder
  4954 | D:5      | Killed Grinder
  4955 | D:5      | Reached skill level 11 in Ranged Weapons
  4955 | D:5      | Reached XP level 9. HP: 54/54 MP: 9/9
  4992 | D:5      | Found Wekhleacu's Magic Scroll Shop.
  4995 | D:5      | Bought a scroll of identify for 28 gold pieces
  4995 | D:5      | Bought a scroll of identify for 28 gold pieces
  5295 | D:6      | Reached skill level 12 in Ranged Weapons
  6015 | D:5      | Became a worshipper of Gozag Ym Sagoz the Greedy
  6114 | D:7      | Reached skill level 13 in Ranged Weapons
  6638 | D:7      | Reached skill level 14 in Ranged Weapons
  6652 | D:7      | Reached skill level 1 in Armour
  6950 | D:7      | Found a burning altar of Makhleb.
  7374 | D:7      | Noticed Maggie
  7380 | D:7      | Killed Maggie
  7381 | D:7      | Reached XP level 10. HP: 57/59 MP: 10/10
  7537 | D:7      | Reached skill level 1 in Polearms
  7623 | D:5      | Bought a scroll of acquirement for 728 gold pieces
  7625 | D:5      | Acquired a manual of Dodging
  7876 | D:8      | Found a staircase to the Lair.
  8006 | D:8      | Found a snail-covered altar of Cheibriados.
  8010 | D:8      | Found a basalt altar of Yredelemnul.
  8012 | D:8      | Found a shimmering altar of Xom.
  8013 | D:8      | Found a white marble altar of Elyvilon.
  8013 | D:8      | Found a hazy altar of Hepliaklqana.
  8014 | D:8      | Found a shadowy altar of Dithmenos.
  8015 | D:8      | Found a glowing silver altar of Zin.
  8191 | D:8      | Noticed a komodo dragon
  8221 | D:8      | Killed a komodo dragon
  8493 | D:9      | Noticed a two-headed ogre
  8502 | D:9      | Killed a two-headed ogre
  8503 | D:9      | Reached skill level 5 in Polearms
  8910 | D:9      | Found a runed translucent gate.
  8911 | D:9      | Found a runed translucent gate.
  8911 | D:9      | Found an opulent altar of Gozag.
  8912 | D:9      | Found a runed translucent gate.
  9281 | D:9      | Noticed Dittersdorf's ghost (novice GrFi)
  9346 | D:9      | HP: 2/88 [Dittersdorf's ghost (16)]
  9375 | D:9      | Slain by Dittersdorf's ghost

Illustrated notes

Levels and vault maps discovered:
D:1:      dpeg_arrival_water_temple_mockup, layout_rooms
D:2:      layout_basic, serial_shops, nicolae_shop_overgrown_old_shop,
          grunt_decor_resistance, hangedman_decor_opposing, chequers_avenue,
          minmay_close_crescents
D:3:      layout_loops_ring, basic_ecumenical_altar
D:4:      layout_basic, mainiacjoe_overflow_cross_hatched, enter_ossuary_2,
          uniq_sigmund, uniq_crazy_yiuf_cottage, uniq_menkaure, uniq_ijyb
D:5:      layout_rooms, grunt_gozag_breadcrumbs,
          minmay_temple_entry_butterflies, gup_sewer_entry_glass, serial_shops,
          kennysheep_mini, uniq_edmund, uniq_grinder
D:6:      layout_loops_ring, lemuel_tele_altar
D:7:      layout_basic, makhleb_heckhound_becter, minmay_liquid_box,
          minmay_misc_feat_columns, minmay_nine_imps, uniq_maggie
D:8:      layout_basic, minitemple, david_lair_shrubbed
D:9:      layout_roguey, ebering_ghost_gozag
Temple:   bh_familiar_temple

Skill      XL: |  1  2  3  4  5  6  7  8  9 10 |
---------------+-------------------------------+-----
Fighting       | 3 4 5 |  5.0
Ranged Weapons | 8 10 11 14 | 14.0
Dodging        | 4 6 |  6.0
Evocations     | 4 |  4.0
Armour         | 3 4 |  4.0
Polearms       | 6 |  6.5
Stealth        | |  1.3

Action                     |  1- 3 |  4- 6 |  7- 9 | 10-12 || total
---------------------------+-------+-------+-------+-------++-------
  Melee: Lance             |       |       |       |   255 ||   255
         Punch             |       |       |       |     2 ||     2
   Fire: Shortbow          |    63 |   147 |   381 |       ||   591
 Invoke: Potion Petition   |       |       |       |     1 ||     1
  Evoke: Wand              |       |       |     3 |       ||     3
    Use: Scroll            |     3 |     3 |    12 |     2 ||    20
         Potion            |       |     1 |     3 |     8 ||    12
   Stab: Sleeping          |       |       |       |    11 ||    11
 Armour: Leather armour    |     5 |    16 |    33 |    33 ||    87
         Skin              |       |       |       |    14 ||    14
  Dodge: Dodged            |    29 |    54 |   148 |   178 ||   409

Table legend: (Time is in decaauts)
 A = Elapsed time spent in this place.
 B = Non-inter-level travel time spent in this place.
 C = Inter-level travel time spent in this place.
 D = Time resting spent in this place.
 E = Time spent auto-exploring this place.
 F = Levels seen in this place.
 G = Mean time per level.
                   A        B        C        D        E       F      G
               +--------+--------+--------+--------+--------+-----+--------+
         Total |   9391 |   8768 |    623 |    741 |   6369 |  12 |  782.6 |
       Dungeon |   8500 |   7896 |    604 |    741 |   5783 |   9 |  944.4 |
        Temple |    194 |    175 |     19 |      0 |    165 |   1 |  194.0 |
         Sewer |    319 |    319 |      0 |      0 |    224 |   1 |  319.0 |
       Ossuary |    376 |    376 |      0 |      0 |    197 |   1 |  376.0 |
               +--------+--------+--------+--------+--------+-----+--------+

Top non-repeatable levels by time:
     D:7: 1545 daAuts
     D:4: 1203 daAuts
     D:2: 966 daAuts
     D:6: 966 daAuts
     D:9: 906 daAuts
     D:3: 900 daAuts
     D:8: 734 daAuts
     D:5: 729 daAuts
     D:1: 547 daAuts
 Ossuary: 376 daAuts
   Sewer: 319 daAuts
  Temple: 194 daAuts
